Ben, chaotic male elven Wizard ###### ------################ --------- |...>-# ---------# #........| |....| |....<..|# ###|.......| |....| |.......|###############-.....>.| |.....###%##........| ### --.------ --.--- |.......| # # |.......| # # |.......|## # ### --------- # -----# # ###############-...|# ### # # |...|# # ### ##....-# ## # ----- ------%- |....%@| |!%%%%@| |...%%%| -------- Ben the Conjurer Experience level: 5 Strength: 8 Dexterity: 13 Constitution: 16 Intelligence: 20 Wisdom: 10 Charisma: 10 Health: 0(48) Energy: 45(47) AC: 6 Gold: 0 Moves: 1438 Your Inventory: Weapons a - a blessed +1 quarterstaff (weapon in hands) Armor b - an uncursed +0 cloak of magic resistance (being worn) p - an [uncursed] +0 studded leather armor (being worn) Scrolls i - 2 blessed scrolls of identify j - an uncursed scroll of enchant weapon k - an uncursed scroll of remove curse q - a [cursed] scroll labeled VERR YED HORRE [of flood] v - an [uncursed] scroll labeled VELOX NEB [of fire] A - an [uncursed] scroll labeled PRATYAVAYAH [of teleportation] Spellbooks l - a blessed spellbook of force bolt m - an uncursed spellbook of detect monsters Potions f - an uncursed potion of gain energy h - an uncursed potion of monster detection s - 2 [uncursed] ruby potions [of booze] w - an [uncursed] potion of extra healing Rings d - an uncursed +1 ring of gain strength (on left hand) e - an uncursed ring of stealth (on right hand) Wands c - an uncursed wand of make invisible (0:6) Tools n - an uncursed wooden harp o - an [uncursed] towel Gems r - an [uncursed] yellowish brown gem [worthless glass] Spells known in the end: Name Level Category Fail Memory a - force bolt 1 attack 0% [||||||||] b - detect monsters 1 divination 0% [||||||||] Your skills at the end: Fighting Skills Weapon Skills quarterstaff [Basic / Expert] Spellcasting Skills attack spells [Basic / Expert] enchantment spells [Basic / Skilled] Final Attributes: You had strayed. Hunger level was 408. Your alignment was -2 / 17. Monster difficulty range was 0 - 4. Level difficulty was 3. You were immune to sleep. You were magic-protected. You were confused. You saw invisible. You had infravision. You were stealthy. You were unlucky (-1). You are dead. Vanquished creatures: a shrieker a homunculus a kobold lord a wererat a coyote a hobgoblin a giant rat 2 gnome zombies 2 geckos 6 jackals a fox 3 goblins 2 grid bugs 7 newts 30 creatures vanquished. Voluntary challenges: You were an atheist. You used a wielded weapon 29 times. You read items or engraved 2 times. You put on armor 3 times. You never genocided any monsters. You never polymorphed an object. You never changed form. You used no wishes. You never wrote Elbereth's name. You never encountered a bones level. You never used any Sokoban shortcuts. Dungeon overview: The Dungeons of Doom: levels 1 to 3 Level 1 an altar a long staircase Level 3 <- You were here a delicatessen a long staircase History has recorded: On T:1 you entered the Dungeons of Doom to retrieve the Amulet of Yendor! On T:572 you reached level 2 of The Dungeons of Doom. On T:613 you advanced to experience level 2. On T:831 you advanced to experience level 3. On T:1048 you reached level 3 of The Dungeons of Doom. On T:1167 you advanced to experience level 4. On T:1259 you advanced to experience level 5. Latest messages: Berbek zaps a wand of striking! Boing! Berbek zaps a wand of striking! Boing! [HP+1=46] You see here a food ration (80 zorkmids). Berbek zaps a wand of striking! Boing! You see here a silver potion (88 zorkmids). Berbek hurls a sky blue potion! The phial crashes on your head and breaks into shards. Berbek hits! (2x) [HP-19=27] You miss Berbek. Berbek hits! (2x) [HP-18=9] You fail to cast the spell correctly. Berbek hits! You die... Berbek takes all your possessions. Final status: Goodbye Ben the Wizard... You died in The Dungeons of Doom on dungeon level 3 with 780 points, and 0 pieces of gold, after 1438 moves. You were level 5 with a maximum of 48 hit points when you died.